TOP OF THE 1ST |
Trois-Riveres Aigles batting - Pitching for York Revolution : LHP Dave Serna
|
Pitching: LHP Dave Serna
|
|
Batting: RHB Willie Acevedo
|
0-0: Foul Ball, location: 2F 0-1: Foul Ball, location: 2F 0-2: Ball 1-2: Strikes out swinging
|
Batting: RHB Micah Logan
|
0-0: Fly out, F7 (Flyball, 7LM, EV 110.6 MPH)
|
Batting: SHB Derek Weaver
|
0-0: Foul Ball, location: 2F 0-1: Foul Ball, location: 2F 0-2: Foul Ball, location: 2F 0-2: Foul Ball, location: 2F 0-2: SOLO HOME RUN (Flyball, 9LD, EV 92.5 MPH), Distance : 350 ft
|
Batting: RHB Sandoval Serzedelo
|
0-0: Swinging Strike 0-1: Ball 1-1: Ball 2-1: SOLO HOME RUN (Flyball, 7LD, EV 96.9 MPH), Distance : 336 ft
|
Batting: RHB Chris Davis
|
0-0: Ball 1-0: Ball 2-0: Foul Ball, location: 2F 2-1: Ground out 6-3 (Groundball, 6, EV 99.4 MPH)
|
Top of the 1st over - 2 runs, 2 hits, 0 errors, 0 left on base; Trois-Riveres 2 - York 0 |
BOTTOM OF THE 1ST |
York Revolution batting - Pitching for Trois-Riveres Aigles : RHP Benedict Cucumberpatch
|
Pitching: RHP Benedict Cucumberpatch
|
|
Batting: LHB Mike Hawk
|
0-0: Ball 1-0: Called Strike 1-1: Foul Ball, location: 2F 1-2: Ball 2-2: Foul Ball, location: 2F 2-2: Fly out, F2 (Popup, 2LF, EV 88.8 MPH)
|
Batting: RHB Teh-huai Jiang
|
0-0: Ball 1-0: Foul Ball, location: 2F 1-1: Ball 2-1: Swinging Strike 2-2: Ball 3-2: Base on Balls
|
Batting: RHB Eddie Serna
|
0-0: Ball 1-0: Called Strike 1-1: Ball 2-1: Ball 3-1: Foul Ball, location: 2F 3-2: Base on Balls Teh-huai Jiang to second
|
Batting: LHB Dennis French
|
0-0: Ball 1-0: Ball 2-0: Ball 3-0: Base on Balls Teh-huai Jiang to third Eddie Serna to second
|
Batting: RHB Dan Shaffer
|
0-0: Called Strike 0-1: Foul Ball, location: 2F 0-2: Foul Ball, location: 2F 0-2: Fly out, F7 (Flyball, 7LM, EV 89.4 MPH) Runner from 3rd tags up, SCORES, throw by LF Eddie Serna to third
|
Batting: LHB Jason Duda
|
0-0: Ball 1-0: Ball 2-0: Called Strike 2-1: Foul Ball, location: 2F 2-2: Ball 3-2: Ground out 6-3 (Groundball, 6, EV 103.1 MPH)
|
Bottom of the 1st over - 1 run, 0 hits, 0 errors, 2 left on base; Trois-Riveres 2 - York 1 |
TOP OF THE 2ND |
Trois-Riveres Aigles batting - Pitching for York Revolution : LHP Dave Serna
|
Batting: RHB Tony Bonilla
|
0-0: Called Strike 0-1: Ball 1-1: Ball 2-1: Swinging Strike 2-2: Ball 3-2: Strikes out looking
|
Batting: RHB Alistair Holmes
|
0-0: Ground out 1-3 (Groundball, 15S, EV 67.5 MPH)
|
Batting: RHB George Connell
|
0-0: Foul Ball, location: 2F 0-1: Ball 1-1: Foul Ball, location: 2F 1-2: Ball 2-2: Ball 3-2: Foul Ball, location: 2F 3-2: Strikes out swinging
|
Top of the 2nd over - 0 runs, 0 hits, 0 errors, 0 left on base; Trois-Riveres 2 - York 1 |
BOTTOM OF THE 2ND |
York Revolution batting - Pitching for Trois-Riveres Aigles : RHP Benedict Cucumberpatch
|
Batting: LHB Jean-Claude Vanbiesbrouck
|
0-0: Called Strike 0-1: Ball 1-1: Ball 2-1: Fly out, F3 (Line Drive, 3L, EV 76.2 MPH)
|
Batting: LHB Jessie Whedbee
|
0-0: Ball 1-0: Foul Ball, location: 2F 1-1: Called Strike 1-2: Foul Ball, location: 2F 1-2: Strikes out looking
|
Batting: LHB Bryant Dill
|
0-0: Ball 1-0: Ball 2-0: Called Strike 2-1: Foul Ball, location: 2F 2-2: Fly out, F8 (Flyball, 8RS, EV 88.1 MPH)
|
Bottom of the 2nd over - 0 runs, 0 hits, 0 errors, 0 left on base; Trois-Riveres 2 - York 1 |
TOP OF THE 3RD |
Trois-Riveres Aigles batting - Pitching for York Revolution : LHP Dave Serna
|
Batting: RHB Ben Saxton
|
0-0: Foul Ball, location: 2F 0-1: Ground out U3 (Groundball, 34S, EV 75.6 MPH)
|
Batting: RHB Willie Acevedo
|
0-0: Ball 1-0: Ground out 3-1 (Groundball, 13, EV 86.9 MPH)
|
Batting: RHB Micah Logan
|
0-0: Fly out, F7 (Line Drive, 7, EV 88.1 MPH)
|
Top of the 3rd over - 0 runs, 0 hits, 0 errors, 0 left on base; Trois-Riveres 2 - York 1 |
BOTTOM OF THE 3RD |
York Revolution batting - Pitching for Trois-Riveres Aigles : RHP Benedict Cucumberpatch
|
Batting: LHB Mike Hawk
|
0-0: Ball 1-0: Ball 2-0: Fly out, F8 (Flyball, 8RD, EV 108.1 MPH)
|
Batting: RHB Teh-huai Jiang
|
0-0: Foul Ball, location: 2F 0-1: Foul Ball, location: 2F 0-2: Ball 1-2: Ball 2-2: Ball 3-2: Fly out, F8 (Flyball, 8LXD, EV 101.2 MPH)
|
Batting: RHB Eddie Serna
|
0-0: SOLO HOME RUN (Line Drive, 9D, EV 96.9 MPH), Distance : 374 ft
|
Batting: LHB Dennis French
|
0-0: Ball 1-0: Ball 2-0: Foul Ball, location: 2F 2-1: Swinging Strike 2-2: Foul Ball, location: 2F 2-2: Ball 3-2: Fly out, F7 (Flyball, 7D, EV 93.8 MPH)
|
Bottom of the 3rd over - 1 run, 1 hit, 0 errors, 0 left on base; Trois-Riveres 2 - York 2 |
TOP OF THE 4TH |
Trois-Riveres Aigles batting - Pitching for York Revolution : LHP Dave Serna
|
Batting: SHB Derek Weaver
|
0-0: Ball 1-0: Foul Ball, location: 2F 1-1: Foul Ball, location: 2F 1-2: Strikes out swinging
|
Batting: RHB Sandoval Serzedelo
|
0-0: Ball 1-0: Ball 2-0: Called Strike 2-1: Fly out, F8 (Line Drive, 8LD, EV 93.1 MPH)
|
Batting: RHB Chris Davis
|
0-0: Swinging Strike 0-1: Called Strike 0-2: Strikes out swinging
|
Top of the 4th over - 0 runs, 0 hits, 0 errors, 0 left on base; Trois-Riveres 2 - York 2 |
BOTTOM OF THE 4TH |
York Revolution batting - Pitching for Trois-Riveres Aigles : RHP Benedict Cucumberpatch
|
Batting: RHB Dan Shaffer
|
0-0: Ball 1-0: Ground out 6-3 (Groundball, 6, EV 103.8 MPH)
|
Batting: LHB Jason Duda
|
0-0: Ball 1-0: Ball 2-0: Foul Ball, location: 2F 2-1: Foul Ball, location: 2F 2-2: Ball 3-2: Foul Ball, location: 2F 3-2: Reached on error, E6 (Groundball, 6M, EV 91.2 MPH)
|
Batting: LHB Jean-Claude Vanbiesbrouck
|
0-0: Ball 1-0: Foul Ball, location: 2F 1-1: Ball 2-1: Ball 3-1: Called Strike 3-2: 2-RUN HOME RUN (Flyball, 7D, EV 96.2 MPH), Distance : 368 ft
|
Batting: LHB Jessie Whedbee
|
0-0: Ball 1-0: Ball 2-0: Foul Ball, location: 2F 2-1: Ball 3-1: Swinging Strike 3-2: Foul Ball, location: 2F 3-2: Ground out 6-3 (Groundball, 6M, EV 108.1 MPH)
|
Batting: LHB Bryant Dill
|
0-0: Foul Ball, location: 2F 0-1: Ball 1-1: Foul Ball, location: 2F 1-2: Foul Ball, location: 2F 1-2: Foul Ball, location: 2F 1-2: Foul Ball, location: 2F 1-2: Foul Ball, location: 2F 1-2: Foul Ball, location: 2F 1-2: DOUBLE (Flyball, 8RXD, EV 94.4 MPH)
|
Batting: LHB Mike Hawk
|
0-0: Ball 1-0: Ball 2-0: Called Strike 2-1: DOUBLE (Flyball, 8RXD, EV 100.6 MPH) Bryant Dill scores
|
Pitching: RHP Jonathan Holland
|
|
Batting: RHB Teh-huai Jiang
|
0-0: Ball 1-0: Foul Ball, location: 2F 1-1: Ball 2-1: Foul Ball, location: 2F 2-2: Foul Ball, location: 2F 2-2: Ball 3-2: Ground out U3 (Groundball, 13, EV 86.2 MPH)
|
Bottom of the 4th over - 3 runs, 3 hits, 1 error, 1 left on base; Trois-Riveres 2 - York 5 |
TOP OF THE 5TH |
Trois-Riveres Aigles batting - Pitching for York Revolution : LHP Dave Serna
|
Batting: RHB Tony Bonilla
|
0-0: Ball 1-0: Ball 2-0: Single, Error in OF, E9, batter to second base (Groundball, 34D, EV 99.4 MPH)
|
Batting: RHB Alistair Holmes
|
0-0: Foul Ball, location: 2F 0-1: Swinging Strike 0-2: SINGLE (Groundball, 56D, EV 105.0 MPH) Tony Bonilla to third Runner from 3rd tries for Home, SAFE, throw by LF to home Alistair Holmes to second
|
Batting: RHB George Connell
|
0-0: Ball 1-0: Called Strike 1-1: Ball 2-1: Ball 3-1: Foul Ball, location: 2F 3-2: Base on Balls
|
Batting: RHB Ben Saxton
|
0-0: Ball 1-0: Called Strike 1-1: Grounds into double play, 6-4-3 (Groundball, 6, EV 101.2 MPH) Alistair Holmes to third
|
Batting: RHB Willie Acevedo
|
0-0: Called Strike 0-1: Ground out 6-3 (Groundball, 56, EV 81.2 MPH)
|
Top of the 5th over - 1 run, 2 hits, 1 error, 1 left on base; Trois-Riveres 3 - York 5 |
BOTTOM OF THE 5TH |
York Revolution batting - Pitching for Trois-Riveres Aigles : RHP Jonathan Holland
|
Batting: RHB Eddie Serna
|
0-0: Foul Ball, location: 2F 0-1: Swinging Strike 0-2: SINGLE (Flyball, 9LS, EV 87.5 MPH)
|
Batting: LHB Dennis French
|
0-0: Foul Ball, location: 2F 0-1: Swinging Strike 0-2: Ball 1-2: Ball 2-2: Fielders Choice at 2nd, 6-4 (Groundball, 6, EV 90.6 MPH)
|
Batting: RHB Dan Shaffer
|
0-0: Ball 1-0: Foul Ball, location: 2F 1-1: Fly out, F9 (Flyball, 9, EV 80.6 MPH)
|
Batting: LHB Jason Duda
|
0-0: Ball 1-0: Foul Ball, location: 2F 1-1: Swinging Strike 1-2: Ball 2-2: Fielders Choice at 2nd, 5-4 (Groundball, 5, EV 77.5 MPH)
|
Bottom of the 5th over - 0 runs, 1 hit, 0 errors, 1 left on base; Trois-Riveres 3 - York 5 |
TOP OF THE 6TH |
Trois-Riveres Aigles batting - Pitching for York Revolution : LHP Dave Serna
|
Batting: RHB Micah Logan
|
0-0: Fly out, F7 (Flyball, 7, EV 76.9 MPH)
|
Batting: SHB Derek Weaver
|
0-0: Called Strike 0-1: Ball 1-1: Swinging Strike 1-2: Ball 2-2: Foul Ball, location: 2F 2-2: Foul Ball, location: 2F 2-2: Strikes out swinging
|
Batting: RHB Sandoval Serzedelo
|
0-0: Fly out, F7 (Flyball, 7D, EV 100.6 MPH)
|
Top of the 6th over - 0 runs, 0 hits, 0 errors, 0 left on base; Trois-Riveres 3 - York 5 |
BOTTOM OF THE 6TH |
York Revolution batting - Pitching for Trois-Riveres Aigles : RHP Jonathan Holland
|
Batting: LHB Jean-Claude Vanbiesbrouck
|
0-0: Foul Ball, location: 2F 0-1: Swinging Strike 0-2: Strikes out swinging
|
Batting: LHB Jessie Whedbee
|
0-0: Foul Ball, location: 2F 0-1: Swinging Strike 0-2: Ball 1-2: Ball 2-2: Strikes out swinging
|
Batting: LHB Bryant Dill
|
0-0: Ball 1-0: Called Strike 1-1: Ball 2-1: Fly out, F8 (Flyball, 8LXD, EV 86.9 MPH)
|
Bottom of the 6th over - 0 runs, 0 hits, 0 errors, 0 left on base; Trois-Riveres 3 - York 5 |
TOP OF THE 7TH |
Trois-Riveres Aigles batting - Pitching for York Revolution : LHP Dave Serna
|
Batting: RHB Chris Davis
|
0-0: Called Strike 0-1: Ball 1-1: SOLO HOME RUN (Flyball, 9D, EV 96.2 MPH), Distance : 371 ft
|
Pinch Hitting: RHB Toshikatsu Omori
|
0-0: Ball 1-0: Called Strike 1-1: SINGLE (Flyball, 8LS, EV 91.9 MPH)
|
Pitching: RHP George Crousse
|
|
Pinch Hitting: LHB Ian Cranton
|
0-0: Called Strike Toshikatsu Omori is caught stealing 2nd base 2-6 0-1: Called Strike 0-2: Ball 1-2: Ball 2-2: Strikes out swinging
|
Batting: SHB Dan Trainer
|
0-0: SINGLE (Groundball, 4, EV 106.9 MPH)
|
Pinch Hitting: LHB Jonathan Watt
|
0-0: Ball 1-0: Foul Ball, location: 2F 1-1: Ball 2-1: Foul Ball, location: 2F 2-2: Strikes out swinging
|
Top of the 7th over - 1 run, 3 hits, 0 errors, 1 left on base; Trois-Riveres 4 - York 5 |
BOTTOM OF THE 7TH |
York Revolution batting - Pitching for Trois-Riveres Aigles : RHP Jonathan Holland
|
Now at 1B: Ian Cranton
|
|
Now at SS: Toshikatsu Omori
|
|
Now in RF: Gilbert Hoareau
|
|
Batting: LHB Mike Hawk
|
0-0: Called Strike 0-1: Ball 1-1: Foul Ball, location: 2F 1-2: Fly out, F4 (Popup, 23, EV 89.4 MPH)
|
Batting: RHB Teh-huai Jiang
|
0-0: Called Strike 0-1: Foul Ball, location: 2F 0-2: Ball 1-2: Ball 2-2: Ground out 1-3 (Groundball, 13, EV 66.9 MPH)
|
Batting: RHB Eddie Serna
|
0-0: Foul Ball, location: 2F 0-1: Ball 1-1: Foul Ball, location: 2F 1-2: Ball 2-2: Ball 3-2: Foul Ball, location: 2F 3-2: Base on Balls
|
Batting: LHB Dennis French
|
0-0: Ball Eddie Serna steals 2nd base 1-0: Ball 2-0: Called Strike 2-1: Foul Ball, location: 2F 2-2: 2-RUN HOME RUN (Flyball, 89XD, EV 98.1 MPH), Distance : 384 ft
|
Batting: RHB Dan Shaffer
|
0-0: Foul Ball, location: 2F 0-1: Foul Ball, location: 2F 0-2: Fly out, F9 (Flyball, 9, EV 90.0 MPH)
|
Bottom of the 7th over - 2 runs, 1 hit, 0 errors, 0 left on base; Trois-Riveres 4 - York 7 |
TOP OF THE 8TH |
Trois-Riveres Aigles batting - Pitching for York Revolution : RHP George Crousse
|
Pinch Hitting: RHB Gabe Wilcoxon
|
0-0: Called Strike 0-1: Foul Ball, location: 2F 0-2: Ball 1-2: Strikes out swinging
|
Pinch Hitting: RHB Joel Wittmier
|
0-0: Ball 1-0: SINGLE (Line Drive, 89S, EV 105.0 MPH)
|
Batting: SHB Derek Weaver
|
0-0: Called Strike 0-1: Called Strike 0-2: Fielders Choice at 2nd, 3-6 (Groundball, 23, EV 85.6 MPH)
|
Batting: RHB Sandoval Serzedelo
|
0-0: Called Strike 0-1: Ball 1-1: Foul Ball, location: 2F 1-2: Ground out U3 (Groundball, 3, EV 80.6 MPH)
|
Top of the 8th over - 0 runs, 1 hit, 0 errors, 1 left on base; Trois-Riveres 4 - York 7 |
BOTTOM OF THE 8TH |
York Revolution batting - Pitching for Trois-Riveres Aigles : RHP Jonathan Holland
|
Now at 3B: Jeff Standridge
|
|
Now in CF: Gilbert Hoareau
|
|
Now in RF: Gabe Wilcoxon
|
|
Batting: LHB Jason Duda
|
0-0: Ball 1-0: Swinging Strike 1-1: Ball 2-1: Foul Ball, location: 2F 2-2: Ball 3-2: Foul Ball, location: 2F 3-2: Fly out, F8 (Flyball, 78D, EV 90.6 MPH)
|
Batting: LHB Jean-Claude Vanbiesbrouck
|
0-0: SOLO HOME RUN (Flyball, 9D, EV 98.1 MPH), Distance : 355 ft
|
Pitching: LHP Alex Pritchard
|
|
Batting: LHB Jessie Whedbee
|
0-0: Foul Ball, location: 2F 0-1: Ball 1-1: Ball 2-1: Ball 3-1: SINGLE (Groundball, 4, EV 98.8 MPH)
|
Batting: LHB Bryant Dill
|
0-0: Foul Ball, location: 2F 0-1: Ball 1-1: Ball 2-1: Called Strike 2-2: 2-RUN HOME RUN (Flyball, 7LD, EV 93.8 MPH), Distance : 334 ft
|
Pinch Hitting: RHB Steve Kirby
|
0-0: Foul Ball, location: 2F 0-1: Called Strike 0-2: Ball 1-2: Foul Ball, location: 2F 1-2: Ball 2-2: Fly out, F7 (Flyball, 7LD, EV 96.9 MPH)
|
Batting: RHB Teh-huai Jiang
|
0-0: Ball 1-0: Ball 2-0: SOLO HOME RUN (Line Drive, 89XD, EV 100.0 MPH), Distance : 402 ft
|
Batting: RHB Eddie Serna
|
0-0: Ball 1-0: Ball 2-0: Swinging Strike 2-1: Ball 3-1: Foul Ball, location: 2F 3-2: SINGLE (Groundball, 6M, EV 107.5 MPH)
|
Pinch Hitting: RHB Mike Ryan
|
0-0: Foul Ball, location: 2F 0-1: Swinging Strike 0-2: Strikes out looking
|
Bottom of the 8th over - 4 runs, 5 hits, 0 errors, 1 left on base; Trois-Riveres 4 - York 11 |
TOP OF THE 9TH |
Trois-Riveres Aigles batting - Pitching for York Revolution : RHP George Crousse
|
Now in CF: Frank Ramirez
|
|
Now in RF: Steve Kirby
|
|
Pinch Hitting: RHB Roy Johnson
|
0-0: Ball 1-0: Foul Ball, location: 2F 1-1: Ground out 4-3 (Groundball, 4, EV 80.6 MPH)
|
Batting: RHB Toshikatsu Omori
|
0-0: Ball 1-0: Fly out, F9 (Flyball, 9, EV 88.1 MPH)
|
Pinch Hitting: RHB Christopher Arnett
|
0-0: Foul Ball, location: 2F 0-1: Hit by Pitch
|
Batting: SHB Dan Trainer
|
0-0: Ball 1-0: Foul Ball, location: 2F 1-1: Ball 2-1: Called Strike 2-2: Fly out, F9 (Flyball, 9D, EV 94.4 MPH)
|
Top of the 9th over - 0 runs, 0 hits, 0 errors, 1 left on base; Trois-Riveres 4 - York 11 |
|